Map: Oxide LE

Players

oliM

  • Race: Protoss Protoss
  • League: Master

Krystianer - Winner!

  • Race: Protoss Protoss
  • League: Grandmaster

VOD

Have the link to the VOD?

Description

Time

  • Played on: July 29, 2021, 4:21 a.m.
  • Length: 12:06
Show
View Real Time Build Order
Export as new Build Order

oliM Protoss 

Build Orders: Oracle Opening, Blink Stalkers 

Get SALT Encoding   

  12  0:00  Probe  
  13  0:12  Probe  
  14  0:19  Pylon  
  14  0:25  Probe  
  15  0:37  Probe (Chrono Boost), Gateway  
  16  0:47  Assimilator  
  16  0:48  Probe (Chrono Boost)  
  17  0:52  Probe (Chrono Boost)  
  17  0:55  Assimilator  
  18  1:03  Probe (Chrono Boost)  
  19  1:13  Probe (Chrono Boost)  
  19  1:18  Probe (Chrono Boost)  
  21  1:26  Cybernetics Core  
  21  1:29  Pylon, Probe  
  22  1:42  Probe  
  23  1:49  Pylon  
  23  1:52  Zealot (Chrono Boost)  
  23  1:54  Probe  
  26  2:06  Probe  
  26  2:07  Stargate  
  27  2:15  Stalker (Chrono Boost)  
  27  2:18  Probe  
  30  2:24  Pylon  
  30  2:25  Warp Gate  
  30  2:30  Probe  
  31  2:42  Probe  
  32  2:47  Shield Battery  
  32  2:51  Oracle (Chrono Boost)  
  35  2:54  Probe  
  36  3:08  Nexus  
  36  3:18  Probe  
  37  3:20  Twilight Council  
  37  3:29  Gateway  
  37  3:30  Probe  
  38  3:38  Pylon  
  38  3:43  Probe  
  39  3:56  Probe  
  39  3:58  Blink (Chrono Boost)  
  37  4:08  Probe  
  38  4:14  Pylon  
  38  4:19  Stalker  
  38  4:20  Probe  
  38  4:23  Probe  
  41  4:32  Probe  
  41  4:34  Stalker  
  41  4:35  Probe  
  44  4:44  Probe  
  45  4:46  Stalker  
  45  4:47  Probe  
  48  4:56  Probe  
  48  4:58  Nexus  
  48  5:01  Pylon  
  48  5:02  Probe  
  48  5:05  Sentry  
  50  5:09  Probe  
  50  5:12  Assimilator  
  53  5:21  Probe  
  53  5:22  Gateway  
  53  5:25  Stalker  
  53  5:28  Probe  
  53  5:40  Probe  
  54  5:43  Gateway  
  54  5:49  Probe  
  55  5:53  Probe  
  55  5:56  Charge (Chrono Boost)  
  56  6:01  Probe  
  57  6:05  Probe  
  57  6:07  Stalker x2  
  62  6:17  Gateway  
  62  6:18  Gateway  
  62  6:21  Probe  
  62  6:24  Probe  
  64  6:26  Probe  
  65  6:33  Probe  
  65  6:34  Stalker  
  65  6:36  Shield Battery, Probe  
  69  6:48  Probe  
  69  6:49  Probe  
  69  6:52  Gateway  
  71  6:57  Sentry  
  73  7:03  Probe x3  
  76  7:10  Robotics Facility  
  76  7:15  Probe x3  
  79  7:17  Zealot x3  
  85  7:27  Pylon x2, Probe x2  
  85  7:28  Zealot x2  
  91  7:32  Zealot  
  91  7:39  Probe  
  92  7:46  Templar Archives  
  92  7:47  Probe  
  92  7:49  Assimilator  
  92  7:50  Probe  
  94  7:54  Pylon, Probe  
  95  8:00  Observer (Chrono Boost)  
  95  8:03  Assimilator  
  96  8:07  Forge  
  96  8:08  Pylon  
  96  8:12  Forge, Probe (Chrono Boost)  
  96  8:13  Probe x2 (Chrono Boost)  
  96  8:17  Pylon  
  96  8:18  Assimilator  
  87  8:23  Probe x2 (Chrono Boost)  
  87  8:24  Probe (Chrono Boost)  
  90  8:27  Zealot x2, Probe (Chrono Boost)  
  90  8:28  Probe x2 (Chrono Boost)  
  97  8:37  Probe  
  97  8:38  Probe x2  
  97  8:40  High Templar  
  97  8:41  High Templar x2  
  106  8:42  Protoss Ground Weapons Level 1 (Chrono Boost), High Templar  
  106  8:43  Protoss Ground Armor Level 1 (Chrono Boost)  
  106  8:46  Archon x2  
  108  8:49  Probe  
  108  8:50  Probe  
  108  8:52  Pylon, Probe  
  111  9:00  Pylon  
  111  9:08  Gateway  
  111  9:09  Observer (Chrono Boost)  
  112  9:14  Probe  
  112  9:15  Pylon, Photon Cannon, Nexus  
  112  9:16  Probe  
  114  9:19  Probe  
  115  9:25  High Templar x2  
  115  9:30  Probe  
  120  9:34  Probe  
  120  9:35  Probe  
  120  9:36  Archon  
  118  9:40  Photon Cannon  
  118  9:43  Photon Cannon, Probe, High Templar x2  
  123  9:46  Probe  
  123  9:48  Archon, Zealot x2  
  123  9:49  Zealot  
  129  9:56  Pylon  
  129  9:57  Gateway  
  129  10:00  Pylon  
  129  10:03  Stalker x3, Robotics Bay  
  130  10:08  Probe (Chrono Boost)  
  130  10:12  Probe (Chrono Boost)  
  130  10:13  Probe (Chrono Boost)  
  125  10:20  Dark Shrine, Probe (Chrono Boost)  
  128  10:24  Probe x2 (Chrono Boost)  
  128  10:25  Probe (Chrono Boost)  
  129  10:33  Probe x2  
  129  10:34  Probe  
  132  10:35  High Templar  
  132  10:38  Observer  
  132  10:41  Probe, Assimilator  
  136  10:43  Assimilator  
  136  10:45  Probe x2  
  136  10:48  Pylon  
  138  10:51  Probe  
  138  10:55  High Templar  
  138  10:56  Probe  
  141  10:58  Probe  
  141  11:00  Probe  
  141  11:01  Archon  
  141  11:03  Pylon  
  143  11:07  Shield Battery  
  143  11:08  Photon Cannon  
  143  11:09  Photon Cannon  
  143  11:12  Observer (Chrono Boost)  
  143  11:13  Photon Cannon  
  143  11:16  Probe  
  143  11:17  Probe x2  
  143  11:18  Probe  
  145  11:24  Robotics Facility  
  141  11:27  Pylon  
  141  11:28  Probe  
  141  11:29  High Templar x4  
  150  11:33  Archon  
  150  11:34  Archon  
  150  11:37  Zealot x5  
  154  11:57  Zealot  
  129  12:01  High Templar x4  
  129  12:02  Zealot  
  129  12:03  Zealot x3  
Show
View Real Time Build Order
Export as new Build Order

Krystianer Protoss - Winner!

Build Orders: Oracle Opening, Phoenix Opening 

Get SALT Encoding   

  12  0:00  Probe  
  13  0:12  Probe  
  14  0:19  Pylon  
  14  0:24  Probe  
  15  0:37  Probe (Chrono Boost)  
  15  0:41  Gateway  
  16  0:46  Probe (Chrono Boost)  
  16  0:47  Assimilator  
  17  0:51  Probe  
  18  1:03  Probe (Chrono Boost)  
  19  1:05  Assimilator  
  19  1:09  Pylon  
  19  1:12  Probe (Chrono Boost)  
  19  1:17  Probe (Chrono Boost)  
  21  1:28  Cybernetics Core  
  21  1:29  Probe  
  21  1:31  Zealot  
  24  1:42  Probe  
  25  1:51  Pylon  
  25  1:54  Probe  
  26  2:08  Stargate  
  28  2:24  Nexus  
  26  2:30  Cybernetics Core  
  26  2:39  Stalker  
  29  2:47  Warp Gate  
  29  2:48  Oracle (Chrono Boost)  
  30  2:59  Pylon  
  30  3:02  Probe  
  31  3:07  Shield Battery  
  31  3:17  Probe, Phoenix (Chrono Boost)  
  34  3:22  Shield Battery  
  34  3:29  Probe  
  34  3:30  Assimilator  
  35  3:36  Phoenix  
  35  3:40  Probe  
  38  3:43  Probe (Chrono Boost)  
  39  3:52  Probe (Chrono Boost)  
  37  4:00  Probe (Chrono Boost)  
  37  4:01  Probe (Chrono Boost)  
  36  4:06  Probe (Chrono Boost)  
  36  4:09  Probe (Chrono Boost)  
  38  4:10  Oracle  
  41  4:18  Probe (Chrono Boost)  
  41  4:24  Probe (Chrono Boost)  
  43  4:25  Probe (Chrono Boost)  
  43  4:31  Probe  
  45  4:32  Probe  
  45  4:38  Twilight Council  
  46  4:39  Forge  
  46  4:44  Probe (Chrono Boost)  
  48  4:48  Pylon, Probe (Chrono Boost)  
  48  4:54  Probe (Chrono Boost)  
  48  4:57  Probe (Chrono Boost)  
  48  4:59  Probe (Chrono Boost)  
  51  5:07  Probe  
  51  5:08  Pylon  
  51  5:11  Probe  
  53  5:15  Charge (Chrono Boost)  
  53  5:16  Nexus  
  53  5:26  Protoss Ground Weapons Level 1 (Chrono Boost)  
  53  5:27  Probe  
  54  5:30  Probe  
  52  5:40  Gateway x2  
  52  5:44  Probe, Gateway  
  52  5:49  Gateway  
  53  5:54  Probe  
  53  5:56  Gateway  
  54  5:59  Gateway  
  54  6:04  Phoenix (Chrono Boost)  
  54  6:09  Probe x2  
  58  6:14  Pylon  
  58  6:19  Zealot  
  58  6:20  Phoenix (Chrono Boost)  
  58  6:24  Probe  
  58  6:25  Pylon  
  59  6:33  Probe  
  59  6:34  Probe  
  59  6:37  Zealot x2  
  65  6:40  Shield Battery  
  65  6:41  Zealot  
  65  6:43  Phoenix (Chrono Boost)  
  70  6:47  Probe x2  
  70  6:51  Probe  
  72  6:58  Templar Archives  
  72  6:59  Probe x2  
  72  7:00  Phoenix  
  74  7:07  Pylon  
  77  7:11  Probe x2  
  77  7:14  Zealot x3  
  84  7:15  Zealot  
  84  7:17  Probe  
  87  7:25  Phoenix (Chrono Boost)  
  87  7:26  Protoss Ground Weapons Level 2 (Chrono Boost)  
  87  7:28  Pylon  
  89  7:32  Assimilator  
  89  7:33  Probe  
  90  7:41  Phoenix (Chrono Boost)  
  90  7:44  Zealot x2, Sentry  
  91  7:45  Zealot x2  
  99  7:56  Zealot x2  
  103  8:02  Pylon  
  103  8:03  Probe  
  103  8:04  Gateway  
  103  8:05  Phoenix  
  106  8:06  Zealot  
  106  8:07  Zealot  
  106  8:09  Pylon  
  110  8:15  Zealot x3  
  116  8:26  Zealot x3, Probe  
  116  8:27  Zealot  
  125  8:40  Probe  
  122  8:52  Assimilator  
  122  8:53  Zealot, Gateway, Assimilator, High Templar x4  
  130  9:01  Zealot  
  130  9:05  Gateway  
  130  9:06  Archon, Gateway  
  130  9:09  Pylon  
  130  9:11  Pylon  
  130  9:15  Photon Cannon  
  130  9:16  Photon Cannon  
  130  9:18  Photon Cannon  
  130  9:19  Shield Battery  
  130  9:20  Photon Cannon  
  130  9:21  Pylon  
  130  9:25  High Templar  
  132  9:35  High Templar x2  
  132  9:37  Archon  
  132  9:38  High Templar  
  138  9:39  Zealot x4  
  138  9:40  Archon  
  138  9:42  Archon  
  138  9:43  Protoss Ground Armor Level 1 (Chrono Boost)  
  146  9:46  Pylon  
  146  9:47  Pylon  
  146  10:01  Probe  
  146  10:02  Probe x2, Nexus  
  146  10:03  Pylon  
  147  10:16  Robotics Facility  
  147  10:21  Probe x3  
  150  10:28  Gateway  
  150  10:31  High Templar x4  
  150  10:32  Zealot x5  
  150  10:33  Probe  
  150  10:35  Pylon  
  169  10:36  Probe  
  169  10:38  Probe  
  171  10:43  Archon x2  
  171  10:45  Zealot x2, Probe  
  174  10:59  Probe x3  
  174  11:00  Warp Prism (Chrono Boost)  
  174  11:01  Photon Cannon  
  174  11:03  Shield Battery  
  179  11:07  Pylon  
  179  11:09  High Templar x2  
  183  11:25  Archon  
  183  11:26  Zealot x8  
  183  11:29  Observer (Chrono Boost)  
  196  12:00  Zealot x2  
  196  12:01  Zealot x4  
Tags
 
Add a new tag
Caveats
  • Supply blocks, unpowered buildings, or Contaminate may cause inaccurate times.
  • Supply counts are checked every 10 seconds.